 Dungeon Crawl Stone Soup version 0.29-a0-284-gf9362112df (webtiles) character file.

Game seed: 14249774939667611531

2787 Dabor the Grappler (level 9, -1/72 HPs)
             Began as a Gnoll Wanderer on Mar 14, 2022.
             Was a Believer of Wu Jian.
             Slain by a gnoll shaman
             ... wielding a +0 spear
              (4 damage)
             ... in a bailey.
             The game lasted 00:23:38 (9118 turns).

Dabor the Grappler (Gnoll Wanderer)                 Turns: 9118, Time: 00:23:39

Health: -1/72      AC:  8    Str: 20 (22) XL:     9   Next: 70%
Magic:  15/15      EV: 13    Int:  7 (9)  God:    Wu Jian [**....]
Gold:   399        SH:  6    Dex: 13 (14) Spells: 14/17 levels left

rFire   . . .      SeeInvis .   h - +3 morningstar (distort)
rCold   . . .      Faith    .   d - +1 buckler
rNeg    . . .      Spirit   .   o - +2 robe of Oblivion {*Corrode rElec Stlth+}
rPois   .          Reflect  .   D - +0 helmet
rElec   +          Harm     .   (no cloak)
rCorr   .          Rampage  .   C - +0 pair of gloves
Will    .....                   p - +0 pair of boots
Stlth   ++++......              (no amulet)
HPRegen 0.22/turn               G - +6 ring of strength
MPRegen 0.14/turn               (no ring)

@: no status effects
A: fangs 1, strong nose, distributed training, robust 1, screaming 1
a: Renounce Religion, Wall Jump


You were in a bailey.
You worshipped Wu Jian.
Wu Jian was pleased with you.
You visited 2 branches of the dungeon, and saw 8 of its levels.
You also visited: Bailey.

You collected 399 gold pieces.

Inventory:

Hand Weapons
 h - a +3 morningstar of distortion (weapon)
 s - a +1 glaive of draining
Missiles
 E - 4 throwing nets
Armour
 d - a +1 buckler (worn)
 o - the +2 robe of Oblivion (worn) {*Corrode rElec Stlth+}
   (You found it on level 4 of the Dungeon)

   rElec:     It insulates you from electricity.
   *Corrode:  It may corrode you when you take damage.
   Stlth:     It makes you more stealthy.
 p - a +0 pair of boots (worn)
 C - a +0 pair of gloves (worn)
 D - a +0 helmet (worn)
 F - +1 acid dragon scales
Jewellery
 G - a +6 ring of strength (left hand)
Wands
 e - a wand of iceblast (5)
 f - a wand of polymorph (2)
 n - a wand of digging (8)
 z - a wand of flame (6)
 A - a wand of charming (9)
Scrolls
 c - 2 scrolls of fear
 g - a scroll of identify
 k - a scroll of immolation
 u - a scroll of enchant armour
 w - 2 scrolls of teleportation
 x - 2 scrolls of silence
Potions
 b - 2 potions of haste
 j - 3 potions of lignification
 l - a potion of cancellation
 t - a potion of mutation


   Skills:
 + Level 4.5 Fighting
 + Level 4.5 Short Blades
 + Level 4.5 Long Blades
 + Level 8.0 Axes
 + Level 4.5 Maces & Flails
 + Level 4.5 Polearms
 + Level 4.5 Staves
 + Level 4.5 Slings
 + Level 4.5 Bows
 + Level 4.5 Crossbows
 + Level 4.5 Throwing
 + Level 5.2 Armour
 + Level 4.5 Dodging
 + Level 4.5 Stealth
 + Level 5.2 Shields
 + Level 11.3 Unarmed Combat
 + Level 4.5 Spellcasting
 + Level 3.7 Conjurations
 + Level 3.7 Hexes
 + Level 3.7 Summonings
 + Level 3.7 Necromancy
 + Level 3.7 Translocations
 + Level 3.7 Transmutations
 + Level 3.7 Fire Magic
 + Level 3.7 Ice Magic
 + Level 3.7 Air Magic
 + Level 3.7 Earth Magic
 + Level 3.7 Poison Magic
 + Level 5.0 Invocations
 + Level 4.5 Evocations


You had 14 spell levels left.
You knew the following spells:

 Your Spells              Type           Power      Damage    Failure   Level
a - Magic Dart            Conj           24%        1d4       9%          1
b - Passwall              Tmut/Erth      5%         N/A       12%         2

Your spell library contained the following spells:

 Spells                   Type           Power      Damage    Failure   Level
 Call Imp                 Summ           6%         N/A       12%         2
 Ensorcelled Hibernation  Hex/Ice        12%        N/A       12%         2
 Mephitic Cloud           Conj/Pois/Air  6%         N/A       24%         3
 Swiftness                Air            6%         N/A       24%         3
 Animate Dead             Necr           3%         N/A       63%         4
 Hailstorm                Conj/Ice       6%         3d4       63%         4
 Ice Form                 Ice/Tmut       6%         N/A       63%         4
 Borgnjor's Vile Clutch   Necr/Erth      3%         N/A       92%         5
 Summon Forest            Summ/Tloc      3%         N/A       92%         5
 Summon Mana Viper        Hex/Summ       6%         N/A       92%         5
 Death Channel            Necr           3%         N/A       100%        6
 Simulacrum               Ice/Necr       3%         N/A       100%        6
 Summon Cactus Giant      Summ           3%         N/A       100%        6


Dungeon Overview and Level Annotations

Branches:
Dungeon (7/15)             Temple (1/1) D:4          Bailey (1/1)

Altars:
Ashenzari
Cheibriados
Dithmenos
Elyvilon
Fedhas
Gozag
Hepliaklqana
Kikubaaqudgha
Makhleb
Nemelex Xobeh
Okawaru
Qazlal
Ru
Sif Muna
Trog
Uskayaw
Vehumet
Wu Jian
Xom
Zin
The Shining One

Annotations:
Abyss:1 Terence


Innate Abilities, Weirdness & Mutations

You have very sharp teeth.
Your uncanny sense of smell can sniff out nearby items.
Your experience applies equally to all skills.
You are robust. (+10% HP)
You occasionally shout uncontrollably at your foes.


Message History

The wolf is severely wounded.
The wolf bites you but does no damage. x2; You block the wolf's attack.
You miss the wolf.
The wolf is severely wounded.
The wolf bites you but does no damage. The wolf misses you.
You closely miss the wolf.
The wolf is severely wounded.
The wolf bites you.
* * * LOW HITPOINT WARNING * * *
The wolf bites you but does no damage.
You miss the wolf.
The wolf is severely wounded.
The wolf closely misses you. x2; The wolf misses you.
You barely miss the wolf.
The wolf is severely wounded.
The wolf closely misses you. The wolf bites you!
* * * LOW HITPOINT WARNING * * *
You puncture the wolf!
You kill the wolf!
The Council accepts your kill.
Your Invocations skill increases to level 5!
There is a gate leading back out of this place, spattered with blood here.
You start resting.
Magic restored.
You start resting.
A gnoll shaman is nearby!
The gnoll shaman shouts!
The gnoll shaman invokes the aid of its god against you.
You easily resist.
You lunge at the gnoll shaman, but your attack speed is too slow for a blow to land.
The gnoll shaman hits you with a +0 spear!
* * * LOW HITPOINT WARNING * * *
You closely miss the gnoll shaman. You bite the gnoll shaman.
The gnoll shaman is lightly wounded.
The gnoll shaman hits you with a +0 spear.
* * * LOW HITPOINT WARNING * * *
You hit the gnoll shaman but do no damage.
The gnoll shaman completely misses you.
The gnoll shaman hits you with a +0 spear.
You die...

♣♣≈≈...#*****
♣.≈..###,8,,,
♣♣.≈..#∆*,,,,,
♣..≈..#∆*,,,,,
♣..≈..#∆*,,,##
♣♣..≈..#,',,##.
♣♣...≈..######..
#♣♣♣...)..)'...#.).
#∩@g))((...'...'.).
#♣♣♣...)...'...#...
♣♣...≈..######..
♣...≈..#,',,##.
♣...≈..#∆*,,,##
♣♣..≈..#∆*,,,,,
♣♣.≈..#∆*,,,,,
♣.≈..###,8,,,
♣♣≈≈...#*****


You could see a gnoll shaman.

Vanquished Creatures
  Pikel (D:5)
  Maggie (D:7)
  The ghost of Mandevil the Firebug, an amateur DgFE (D:4)
  A wyvern (D:7)
  A wraith (D:6)
  An ice beast (D:5)
  An ogre (D:6)
  A lemure (D:5)
  2 wolves (Bailey)
  2 gnoll sergeants (Bailey)
  A scorpion (D:6)
  2 hounds
  A jelly (D:5)
  5 gnoll shamans
  2 iguanas
  Natasha (thrice) (D:2)
  2 orc wizards
  Robin (D:2)
  9 adders
  17 gnolls
  A shadow imp (D:5)
  A white imp (D:7)
  An ufetubus (D:6)
  2 worms
  11 orcs
  4 ball pythons
  4 endoplasms
  3 giant cockroaches
  18 goblins
  9 hobgoblins
  5 jackals
  7 quokkas
  3 bats
  A frilled lizard (D:2)
  5 kobolds
  6 rats
136 creatures vanquished.

Vanquished Creatures (collateral kills)
  A hound (Bailey)
1 creature vanquished.

Vanquished Creatures (others)
  A plant (D:3)
1 creature vanquished.

Grand Total: 138 creatures vanquished

Notes
Turn   | Place    | Note
-------+----------+-------------------------------------------
     0 | D:1      | Reached skill level 10 in Unarmed Combat
     0 | D:1      | Dabor the Gnoll Wanderer began the quest for the Orb.
     0 | D:1      | Dabor set off with the following items: a +0 hand axe, a
                  | potion of haste, 2 scrolls of fear, a +0 buckler, a +0
                  | leather armour
     0 | D:1      | Reached XP level 1. HP: 13/13 MP: 1/1
   100 | D:1      | Reached XP level 2. HP: 19/19 MP: 2/2
   498 | D:1      | Reached XP level 3. HP: 25/25 MP: 3/3
   682 | D:2      | Noticed Robin
   694 | D:2      | Gained mutation: You occasionally shout uncontrollably at
                  | your foes. [potion of mutation]
   694 | D:2      | Gained mutation: You are robust. (+10% HP) [potion of
                  | mutation]
  1040 | D:2      | Reached skill level 1 in Invocations
  1368 | D:2      | Killed Robin
  1369 | D:2      | Reached skill level 1 in Fighting
  1369 | D:2      | Reached skill level 1 in Short Blades
  1369 | D:2      | Reached skill level 1 in Long Blades
  1369 | D:2      | Reached skill level 1 in Maces & Flails
  1369 | D:2      | Reached skill level 1 in Polearms
  1369 | D:2      | Reached skill level 1 in Staves
  1369 | D:2      | Reached skill level 1 in Slings
  1369 | D:2      | Reached skill level 1 in Bows
  1369 | D:2      | Reached skill level 1 in Crossbows
  1369 | D:2      | Reached skill level 1 in Throwing
  1369 | D:2      | Reached skill level 1 in Dodging
  1369 | D:2      | Reached skill level 1 in Stealth
  1369 | D:2      | Reached skill level 1 in Spellcasting
  1369 | D:2      | Reached skill level 1 in Evocations
  1528 | D:2      | Noticed Natasha
  1544 | D:2      | Killed Natasha
  1545 | D:2      | Reached XP level 4. HP: 11/35 MP: 5/5
  1801 | D:2      | Noticed Natasha
  1807 | D:2      | Killed Natasha
  1808 | D:2      | Reached skill level 1 in Conjurations
  1808 | D:2      | Reached skill level 1 in Hexes
  1808 | D:2      | Reached skill level 1 in Summonings
  1808 | D:2      | Reached skill level 1 in Necromancy
  1808 | D:2      | Reached skill level 1 in Translocations
  1808 | D:2      | Reached skill level 1 in Transmutations
  1808 | D:2      | Reached skill level 1 in Fire Magic
  1808 | D:2      | Reached skill level 1 in Ice Magic
  1808 | D:2      | Reached skill level 1 in Air Magic
  1808 | D:2      | Reached skill level 1 in Earth Magic
  1808 | D:2      | Reached skill level 1 in Poison Magic
  1813 | D:2      | Reached XP level 5. HP: 18/40 MP: 6/6
  2201 | D:2      | Learned a level 1 spell: Magic Dart
  2277 | D:2      | Noticed Natasha
  2280 | D:2      | Killed Natasha
  2349 | D:2      | Noticed Terence
  2356 | D:2      | Banished Terence
  2604 | D:3      | Learned a level 2 spell: Passwall
  3406 | D:3      | Reached XP level 6. HP: 46/48 MP: 8/8
  3831 | D:4      | Found a runed translucent door.
  3835 | D:4      | Noticed Mandevil's ghost (amateur DgFE)
  3876 | D:4      | Identified the +2 robe of Oblivion {*Corrode rElec Stlth+}
  4019 | D:4      | Found a staircase to the Ecumenical Temple.
  4033 | Temple   | Entered the Ecumenical Temple
  4344 | Temple   | Became a worshipper of the Wu Jian Council
  5114 | D:4      | Killed Mandevil's ghost
  5115 | D:4      | Reached XP level 7. HP: 42/55 MP: 8/10
  5240 | D:5      | Entered Level 5 of the Dungeon
  6307 | D:6      | Reached * piety under Wu Jian
  6327 | D:6      | Reached XP level 8. HP: 39/62 MP: 9/12
  6533 | D:6      | Noticed a wraith
  6545 | D:6      | Killed a wraith
  6993 | D:6      | Noticed Pikel
  7014 | D:6      | Paralysed by Pikel for 4 turns
  7027 | D:6      | Paralysed by Pikel for 5 turns
  7384 | D:5      | Killed Pikel
  7385 | D:5      | Reached skill level 11 in Unarmed Combat
  7749 | D:7      | Noticed a wyvern
  7756 | D:7      | Killed a wyvern
  7757 | D:7      | Reached XP level 9. HP: 32/71 MP: 14/14
  8186 | D:7      | Noticed Maggie
  8197 | D:7      | Killed Maggie
  8241 | D:7      | Found a flagged portal.
  8254 | Bailey   | Entered a bailey
  8308 | Bailey   | Reached skill level 5 in Armour
  8308 | Bailey   | Reached skill level 5 in Shields
  9004 | Bailey   | Reached ** piety under Wu Jian
  9054 | Bailey   | HP: 2/72 [wolf (7)]
  9056 | Bailey   | Reached skill level 5 in Invocations
  9117 | Bailey   | HP: 3/72 [gnoll shaman/+0 spear (2)]
  9118 | Bailey   | Slain by a gnoll shaman

Illustrated notes

Levels and vault maps discovered:
D:1:      mrwooster_arrival_statue_2, layout_basic, minmay_pentomino_o2
D:2:      minmay_general_purpose_star, layout_rooms, uniq_robin, uniq_natasha,
          uniq_terence
D:3:      layout_loops_cross, serial_bayou_crossing
D:4:      layout_basic, temple_statues, ebering_ghost_reflecting_pool
D:5:      layout_rooms, serial_co_window_serial, co_window_of_opportunity_a,
          co_window_corner_a, co_window_corner_a, co_window_corner_a,
          co_window_corner_a, co_window_paths_a, co_window_corner_a,
          co_window_of_opportunity_c, co_window_of_opportunity_b,
          co_window_broadway_c, co_window_unsneaky_path_c, co_window_paths_d,
          co_window_sun, glass_columns_a
D:6:      layout_gridville, uniq_pikel
D:7:      layout_gridville, enter_bailey_3, uniq_maggie
Temple:   mainiacjoe_temple_archimedes_tessellation
Bailey:   bailey_polearm_gnolls_kennysheep, bailey

Skill      XL: |  1  2  3  4  5  6  7  8  9 |
---------------+----------------------------+-----
Unarmed Combat | 11 | 11.3
Invocations    | 1 2 3 4 5 |  5.0
Fighting       | 1 2 3 4 |  4.5
Short Blades   | 1 2 3 4 |  4.5
Long Blades    | 1 2 3 4 |  4.5
Maces & Flails | 1 2 3 4 |  4.5
Polearms       | 1 2 3 4 |  4.5
Staves         | 1 2 3 4 |  4.5
Slings         | 1 2 3 4 |  4.5
Bows           | 1 2 3 4 |  4.5
Crossbows      | 1 2 3 4 |  4.5
Throwing       | 1 2 3 4 |  4.5
Dodging        | 1 2 3 4 |  4.5
Stealth        | 1 2 3 4 |  4.5
Spellcasting   | 1 2 3 4 |  4.5
Evocations     | 1 2 3 4 |  4.5
Conjurations   | 1 2 3 |  3.7
Hexes          | 1 2 3 |  3.7
Summonings     | 1 2 3 |  3.7
Necromancy     | 1 2 3 |  3.7
Translocations | 1 2 3 |  3.7
Transmutations | 1 2 3 |  3.7
Fire Magic     | 1 2 3 |  3.7
Ice Magic      | 1 2 3 |  3.7
Air Magic      | 1 2 3 |  3.7
Earth Magic    | 1 2 3 |  3.7
Poison Magic   | 1 2 3 |  3.7
Armour         | 3 4 5 |  5.2
Shields        | 3 4 5 |  5.2
Axes           | 7 8 |  8.0

Action                   |  1- 3 |  4- 6 |  7- 9 || total
-------------------------+-------+-------+-------++-------
Melee: Hand axe          |    89 |    26 |       ||   115
       Bite              |     8 |     9 |    25 ||    42
       Unarmed           |    12 |       |       ||    12
       Morningstar       |       |    97 |   186 ||   283
Throw: Dart              |       |       |    24 ||    24
       Boomerang         |       |       |    55 ||    55
       Throwing net      |       |       |     1 ||     1
 Cast: Magic Dart        |       |     9 |    19 ||    28
       Passwall          |       |     1 |       ||     1
Invok: Lunge             |       |     1 |    20 ||    21
       Whirlwind         |       |       |     2 ||     2
Evoke: Wand              |       |       |     1 ||     1
  Use: Potion            |     6 |     3 |     9 ||    18
       Scroll            |     4 |     1 |     7 ||    12
 Stab: Sleeping          |     1 |     3 |     4 ||     8
       Distracted        |       |       |     1 ||     1
Armor: Leather armour    |    15 |    23 |       ||    38
       Skin              |    34 |     4 |       ||    38
       Robe              |       |     7 |    65 ||    72
Dodge: Dodged            |    49 |    75 |   140 ||   264
Block: Buckler           |    21 |    35 |    81 ||   137

Table legend: (Time is in decaauts)
 A = Elapsed time spent in this place.
 B = Non-inter-level travel time spent in this place.
 C = Inter-level travel time spent in this place.
 D = Time resting spent in this place.
 E = Time spent auto-exploring this place.
 F = Levels seen in this place.
 G = Mean time per level.
                   A        B        C        D        E       F      G
               +--------+--------+--------+--------+--------+-----+--------+
         Total |   9249 |   8820 |    429 |   2666 |   4120 |   9 | 1027.7 |
       Dungeon |   8027 |   7629 |    398 |   2173 |   3924 |   7 | 1146.7 |
        Temple |    342 |    311 |     31 |      0 |    196 |   1 |  342.0 |
        Bailey |    878 |    878 |      0 |    493 |      0 |   1 |  878.0 |
               +--------+--------+--------+--------+--------+-----+--------+

Top non-repeatable levels by time:
     D:5: 1535 daAuts
     D:2: 1319 daAuts
     D:3: 1280 daAuts
     D:1: 1270 daAuts
     D:4: 1264 daAuts
  Bailey: 878 daAuts
     D:6: 806 daAuts
     D:7: 549 daAuts
  Temple: 342 daAuts
